AoeStats
← eric05

Oasis

510173022Analyzed
3v3 RM · 4d ago on Sep 29, 2026· 63m 12s· 6 players
Game mode
Random Map
Map size
Normal (6 player)
Population
200
Speed
Normal
Resources
Standard
Victory
Conquest
Starting age
Dark Age
Ending age
Imperial Age
RankedLock teamsTeams togetherTeam positionsShared explorationLock speedFull tech treeHidden civsTurbo modeCheats
Victory
Defeat
🇪🇸 Byzantines · Spain
1218
+14
🇪🇸 Britons · Spain
1196
+15
🇪🇸 Hindustanis · Spain
1149
+17
🇹🇷 Bulgarians · Türkiye
1224
-18
🇹🇷 Britons · Türkiye
1211
-17
🇹🇷 Byzantines · Türkiye
1059
-11
Hakan Fidan
7:09 Loom
10:25 Feudal Age
11:49 Double-Bit Axe
12:23 Horse Collar
20:52 Castle Age
19:50 Gold Mining
19:53 Stone Mining
21:09 Crossbowman
21:54 Fletching
22:23 Heavy Plow
24:37 Padded Archer Armor
25:47 Wheelbarrow
32:43 Hand Cart
38:14 Imperial Age
36:29 Ballistics
36:38 Bow Saw
38:01 Yeomen
37:46 Bodkin Arrow
38:06 Leather Archer Armor
38:01 Forging
37:53 Scale Mail Armor
38:42 Fortified Wall
38:27 Murder Holes
39:14 Gold Shaft Mining
38:15 Pikeman
38:56 Squires
38:41 Arson
40:28 Two-Man Saw
39:33 Bracer
41:26 Chemistry
40:37 Arbalester
41:18 Elite Longbowman
47:52 Iron Casting
47:32 Chain Mail Armor
47:49 Halberdier
49:53 Ring Archer Armor
50:23 Blast Furnace
49:53 Plate Mail Armor
52:39 Town Watch
59:21 Elite Skirmisher
HSDMR
6:10 Loom
10:02 Feudal Age
10:33 Double-Bit Axe
11:10 Horse Collar
14:15 Wheelbarrow
19:32 Castle Age
18:52 Fletching
19:03 Padded Archer Armor
21:18 Gold Mining
21:50 Bow Saw
21:44 Elite Skirmisher
24:10 Scale Barding Armor
23:59 Pikeman
25:21 Stone Mining
25:59 Leather Archer Armor
27:23 Squires
27:48 Heavy Plow
28:45 Forging
29:32 Husbandry
29:16 Treadmill Crane
30:22 Bodkin Arrow
30:22 Arson
32:29 Caravan
37:52 Imperial Age
35:40 Hand Cart
36:24 Stone Shaft Mining
36:28 Gold Shaft Mining
36:27 Ballistics
37:33 Iron Casting
37:49 Murder Holes
38:45 Chain Barding Armor
39:41 Chemistry
39:38 Conscription
38:56 Halberdier
44:10 Plate Barding Armor
44:30 Bracer
45:01 Ring Archer Armor
46:14 Arrowslits
46:25 Murder Holes
46:46 Scale Mail Armor
48:21 Logistica
49:35 Hoardings
50:30 Heavy Camel Rider
55:38 Light Cavalry
Reis'ül Bilge Küttab
11:29 Feudal Age
9:45 Loom
12:14 Double-Bit Axe
12:55 Arson
13:28 Horse Collar
14:39 Forging
18:26 Scale Mail Armor
20:47 Wheelbarrow
25:05 Castle Age
22:58 Stone Mining
22:59 Gold Mining
24:23 Bloodlines
24:08 Fletching
24:23 Scale Barding Armor
26:37 Stone Shaft Mining
26:08 Bodkin Arrow
27:14 Gold Shaft Mining
28:19 Iron Casting
29:53 Heavy Plow
29:54 Husbandry
30:12 Chain Mail Armor
30:51 Hand Cart
35:05 Caravan
37:10 Chain Barding Armor
40:56 Imperial Age
39:00 Town Watch
39:29 Bow Saw
40:28 Town Patrol
42:25 Plate Barding Armor
41:50 Bracer
42:52 Blast Furnace
42:22 Plate Mail Armor
42:00 Pikeman
42:26 Gambesons
42:41 Squires
42:56 Elite Konnik
43:15 Halberdier
44:48 Ballistics
45:18 Conscription
46:23 Chemistry
45:33 Masonry
45:57 Stirrups
49:00 Padded Archer Armor
51:33 Elite Skirmisher
52:19 Thumb Ring
53:11 Masonry
52:57 Murder Holes
55:21 Leather Archer Armor
59:34 Bagains
JENDRIK
7:25 Loom
10:03 Feudal Age
11:18 Double-Bit Axe
12:16 Horse Collar
14:24 Town Watch
20:05 Castle Age
18:58 Gold Mining
21:06 Fletching
24:52 Fortified Wall
25:43 Wheelbarrow
26:54 Bow Saw
27:40 Masonry
32:17 Bodkin Arrow
35:34 Imperial Age
34:16 Bloodlines
34:23 Forging
34:19 Scale Barding Armor
35:47 Heavy Camel Rider
37:39 Chain Barding Armor
37:54 Iron Casting
39:20 Chemistry
38:28 Siege Engineers
39:06 Husbandry
40:03 Bracer
40:04 Padded Archer Armor
40:40 Plate Barding Armor
40:46 Ballistics
41:26 Gold Shaft Mining
40:22 Elite Skirmisher
41:59 Hand Cart
43:09 Blast Furnace
42:26 Leather Archer Armor
43:23 Imperial Camel Rider
44:16 Caravan
44:48 Ring Archer Armor
45:17 Heavy Plow
50:34 Blast Furnace
53:12 Light Cavalry
54:40 Hussar
56:30 Hoardings
60:23 Grand Trunk Road
60:46 Conscription
eric05
11:37 Feudal Age
15:43 Castle Age
13:34 Double-Bit Axe
13:40 Horse Collar
15:26 Scale Barding Armor
16:03 Loom
21:52 Bow Saw
28:12 Coinage
28:22 Wheelbarrow
31:14 Imperial Age
31:34 Hand Cart
32:04 Chain Barding Armor
31:55 Forging
31:34 Elite Cataphract
32:25 Logistica
33:40 Chemistry
32:59 Gold Mining
33:01 Stone Mining
34:06 Plate Barding Armor
35:12 Two-Man Saw
34:13 Heavy Plow
34:22 Caravan
34:18 Treadmill Crane
35:20 Iron Casting
35:08 Conscription
35:40 Crop Rotation
36:30 Husbandry
38:49 Fortified Wall
39:00 Ballistics
39:38 Gold Shaft Mining
39:39 Stone Shaft Mining
38:56 Fletching
41:03 Banking
40:44 Guilds
40:18 Capped Ram
44:17 Bodkin Arrow
44:24 Scale Mail Armor
44:24 Padded Archer Armor
48:14 Siege Ram
49:38 Bracer
49:54 Leather Archer Armor
49:54 Chain Mail Armor
51:34 Hoardings
62:35 Murder Holes
tttoni18
5:06 Loom
11:36 Feudal Age
13:07 Horse Collar
13:15 Double-Bit Axe
19:31 Castle Age
20:26 Bow Saw
20:20 Heavy Plow
21:55 Wheelbarrow
29:20 Fortified Wall
31:40 Gold Mining
32:53 Fletching
36:57 Imperial Age
35:00 Yeomen
35:45 Hand Cart
35:15 Town Watch
36:07 Gold Shaft Mining
36:15 Bodkin Arrow
36:45 Ballistics
38:19 Conscription
38:37 Town Patrol
39:56 Two-Man Saw
38:50 Stone Mining
39:43 Hoardings
39:57 Siege Engineers
40:54 Chemistry
40:58 Warwolf
41:02 Bracer
41:13 Masonry
41:55 Padded Archer Armor
41:19 Elite Longbowman
44:59 Leather Archer Armor
44:45 Scale Mail Armor
44:55 Forging
45:18 Architecture
48:04 Ring Archer Armor
48:16 Caravan
50:54 Chain Mail Armor
51:14 Iron Casting
50:22 Treadmill Crane
52:06 Man-at-Arms
52:34 Gambesons
52:49 Squires
52:35 Arson
52:11 Pikeman
53:36 Plate Mail Armor
54:06 Blast Furnace
52:57 Long Swordsman
52:57 Halberdier
54:15 Two-Handed Swordsman
55:15 Champion
59:27 Careening
59:43 Shipwright
59:33 Careening
59:19 Murder Holes
59:45 Guilds
Connection lost

Rejoining the realm…

Still unreachable

The connection could not be restored.

Session expired

The server has moved on; the page needs a fresh start.